 Dungeon Crawl Stone Soup version 0.21-a0-509-gecc5317 (webtiles) character file.

38 DarkHelmet the Charmwright (level 3, -2/31 HPs)
             Began as a Gnoll Skald on Nov 30, 2017.
             Slain by a worm (8 damage)
             ... on level 2 of the Dungeon.
             The game lasted 00:01:22 (1217 turns).

DarkHelmet the Charmwright (Gnoll Skald)            Turns: 1217, Time: 00:01:23

Health: -2/31      AC:  3    Str: 13    XL:     3   Next: 43%
Magic:  9/9        EV: 14    Int: 16    God:
Gold:   42         SH:  0    Dex: 14    Spells: 11/12 levels left

rFire    + . .     SeeInvis .   a - +0 falchion
rCold    . . .     Gourm    .   (no shield)
rNeg     . . .     Faith    .   b - +0 leather armour
rPois    .         Spirit   .   (no helmet)
rElec    .         Reflect  .   (no cloak)
rCorr    +         Harm     .   (no gloves)
MR       .....                  (no boots)
Stlth    +.........             (no amulet)
HPRegen  0.10/turn              e - ring of protection from fire
MPRegen  0.11/turn              k - ring of resist corrosion (curse)

@: no status effects
A: distributed training, fangs 1, strong nose
a: no special abilities


You were on level 2 of the Dungeon.
You were not hungry.

You visited 1 branch of the dungeon, and saw 2 of its levels.

You collected 42 gold pieces.

Inventory:

Hand Weapons
 a - a +0 falchion (weapon)
Armour
 b - a +0 leather armour (worn)
Jewellery
 e - a ring of protection from fire (left hand)
 k - a cursed ring of resist corrosion (right hand)
Scrolls
 h - a scroll of magic mapping {unknown}
 i - a scroll of fog {unknown}
 j - a scroll of enchant weapon {unknown}
 n - a scroll of noise {unknown}
Potions
 f - 2 potions of resistance {unknown}
 g - a potion of might {unknown}
 m - a potion of ambrosia {unknown}
Books
 c - a book of Battle

   Spells                             Type                      Level
   a - Infusion                       Charms                       1
   b - Shroud of Golubria             Charms/Translocation         2
   c - Song of Slaying                Charms                       2
   d - Spectral Weapon                Hexes/Charms                 3
   e - Regeneration                   Charms/Necromancy            3
Comestibles
 d - 2 bread rations
 l - 4 chunks of flesh


   Skills:
 + Level 4.5 Fighting
 + Level 0.7 Short Blades
 + Level 4.5 Long Blades
 + Level 0.7 Axes
 + Level 0.7 Maces & Flails
 + Level 0.7 Polearms
 + Level 0.7 Staves
 + Level 0.7 Slings
 + Level 0.7 Bows
 + Level 0.7 Crossbows
 + Level 0.7 Throwing
 + Level 2.6 Armour
 + Level 4.5 Dodging
 + Level 0.7 Stealth
 + Level 0.7 Shields
 + Level 0.7 Unarmed Combat
 + Level 5.0 Spellcasting
 + Level 0.5 Conjurations
 + Level 0.5 Hexes
 + Level 5.4 Charms
 + Level 0.5 Summonings
 + Level 0.5 Necromancy
 + Level 0.5 Translocations
 + Level 0.5 Transmutations
 + Level 0.5 Fire Magic
 + Level 0.5 Ice Magic
 + Level 0.5 Air Magic
 + Level 0.5 Earth Magic
 + Level 0.5 Poison Magic
 + Level 0.9 Invocations
 + Level 0.7 Evocations


You had 11 spell levels left.
You knew the following spells:

 Your Spells              Type           Power        Failure   Level  Hunger
a - Infusion              Chrm           ###.         1%          1    None


Dungeon Overview and Level Annotations

Branches:
Dungeon (2/15)

Altars:


Innate Abilities, Weirdness & Mutations

Your experience applies equally to all skills.
You have very sharp teeth.
Your uncanny sense of smell can sniff out nearby items.


Message History

You hit the worm but do no damage. You completely miss the worm.
The worm bites you!
You hit the worm but do no damage. The worm bites you.
* * * LOW HITPOINT WARNING * * *
You barely miss the worm. You hit the worm.
The worm is moderately wounded.
The worm bites you.
* * * LOW HITPOINT WARNING * * *
You hit the worm.
The worm is heavily wounded.
The worm bites you but does no damage.
You barely miss the worm.
The worm is heavily wounded.
You barely miss the worm.
The worm is heavily wounded.
You slash the worm!
The worm is almost dead.
The worm bites you!
You die...

######........#
.......#(###...
.##........ # #######
..#.#######.. ..###
#.....# #...#
###....##..<..# #...# ##
###.........# ..#.# #.
.....(.....)#### #.###
#.##########÷.......#
....##.#....w@....#.####.#
#....#.##########.####.##
#...†# #.......# #.....#
######### #.....#...h
#.###...#### .. .##.. .. .
##. . .. #.∆ ∆


You could see a worm.

Vanquished Creatures
  2 oozes (D:1)
  A worm (D:2)
  2 goblins
  2 hobgoblins (D:1)
  4 jackals (D:2)
  2 kobolds (D:1)
  7 bats
  3 frilled lizards (D:1)
  5 rats
28 creatures vanquished.

Notes
Turn   | Place    | Note
-------+----------+-------------------------------------------
     0 | D:1      | DarkHelmet the Gnoll Skald began the quest for the Orb.
     0 | D:1      | Reached XP level 1. HP: 20/20 MP: 6/6
   343 | D:1      | Reached XP level 2. HP: 26/26 MP: 7/7
   861 | D:1      | Reached XP level 3. HP: 31/31 MP: 9/9
  1134 | D:2      | Reached skill level 5 in Spellcasting
  1217 | D:2      | Slain by a worm

Vault maps used:
D:1:      moated_graveyard_arrival
D:2:      first_bread, uniq_terence

Skill      XL: |  1  2  3 |
---------------+----------+-----
Spellcasting   | 5 |  5.0
Fighting       | |  4.5
Short Blades   | |  0.7
Long Blades    | |  4.5
Axes           | |  0.7
Maces & Flails | |  0.7
Polearms       | |  0.7
Staves         | |  0.7
Slings         | |  0.7
Bows           | |  0.7
Crossbows      | |  0.7
Throwing       | |  0.7
Armour         | |  2.6
Dodging        | |  4.5
Stealth        | |  0.7
Shields        | |  0.7
Unarmed Combat | |  0.7
Conjurations   | |  0.5
Hexes          | |  0.5
Charms         | |  5.4
Summonings     | |  0.5
Necromancy     | |  0.5
Translocations | |  0.5
Transmutations | |  0.5
Fire Magic     | |  0.5
Ice Magic      | |  0.5
Air Magic      | |  0.5
Earth Magic    | |  0.5
Poison Magic   | |  0.5
Invocations    | |  0.9
Evocations     | |  0.7

Action                   || total
-------------------------++-------
Melee: Falchion          ||    78
       Bite              ||     7
 Stab: Sleeping          ||     1
  Eat: Chunk             ||     1
Armor: Leather armour    ||    17
Dodge: Dodged            ||    58
       Rpst.: Falchion   ||    21

Table legend:
 A = Spawn XP
 B = Non-spawn XP
 C = Spawn XP percentage of total XP
 D = Spawn monster count
 E = Non-spawn monster count
 F = Spawn count percentage of total count
 G = Total turns spent on level
                    A         B        C        D         E        F      G
               +---------+---------+-------+---------+---------+-------+---------
         Total |       0 |      55 |   0.0 |       0 |      28 |   0.0 |  1217
               +---------+---------+-------+---------+---------+-------+---------
           D:1 |       0 |      37 |   0.0 |       0 |      19 |   0.0 |  1127
           D:2 |       0 |      18 |   0.0 |       0 |       9 |   0.0 |    90
               +---------+---------+-------+---------+---------+-------+---------
